 Dungeon Crawl Stone Soup version 0.29-a0-565-g7a16c6de65 (webtiles) character file.

Game seed: 8520262571429194361

53 27snakeeyes612 the Skirmisher (level 3, -1/34 HPs)
             Began as a Naga Fighter on June 12, 2022.
             Slain by an adder (3 damage)
             ... on level 2 of the Dungeon.
             The game lasted 00:02:48 (1588 turns).

27snakeeyes612 the Skirmisher (Naga Fighter)        Turns: 1588, Time: 00:02:49

Health: -1/34      AC:  4    Str: 18 (20) XL:     3   Next: 87%
Magic:  3/3        EV:  7    Int:  6 (8)  God:
Gold:   28         SH:  4    Dex:  7 (10) Spells: 2/2 levels left

rFire   . . .      SeeInvis +   a - +0 flail
rCold   . . .      Faith    .   c - +0 buckler
rNeg    . . .      Spirit   .   b - +0 scale mail
rPois   +          Reflect  .   (no helmet)
rElec   .          Harm     .   (no cloak)
rCorr   .          Rampage  .   (no gloves)
Will    .....                   (no barding)
Stlth   ..........              (no amulet)
HPRegen 0.11/turn               (no ring)
MPRegen 0.08/turn               (no ring)

@: short of breath, very slow
A: AC +1, large, see invisible, deformed body, poison resistance, slowness 2,
spit poison 1, naga tail 1
a: Spit Poison


You were on level 2 of the Dungeon.
You visited 1 branch of the dungeon, and saw 2 of its levels.

You collected 28 gold pieces.

Inventory:

Hand Weapons
 a - a +0 flail (weapon)
Armour
 b - a +0 scale mail (worn)
 c - a +0 buckler (worn)
Scrolls
 e - a scroll of identify {unknown}
 f - a scroll of blinking {unknown}
 g - 3 scrolls of amnesia {unknown}
 j - 2 scrolls of enchant weapon {unknown}
Potions
 d - a potion of might
 h - 2 potions of haste {unknown}
 i - a potion of heal wounds {unknown}
 k - 2 potions of brilliance {unknown}
 l - a potion of curing


   Skills:
 + Level 3.3 Fighting
 + Level 2.5 Maces & Flails
 + Level 2.7 Armour
 + Level 2.1 Stealth
 + Level 3.0 Shields


You had 2 spell levels left.
You didn't know any spells.
Your spell library was empty.

Dungeon Overview and Level Annotations

Branches:
Dungeon (2/15)

Altars:


Innate Abilities, Weirdness & Mutations

Your serpentine skin is tough. (AC +1)
You have supernaturally acute eyesight. (SInv)
Armour fits poorly on your strangely shaped body.
Your system is resistant to poisons. (rPois)
You cover ground very slowly.
You can spit poison.
You have a snake-like lower body.


Message History

The adder bites you but does no damage.
You closely miss the adder. The adder bites you.
* * * LOW HITPOINT WARNING * * *
You closely miss the adder. The adder closely misses you.
The adder bites you but does no damage.
Aiming: Spit Poison (2% risk of failure)
Press: ? - help, Q - select action Shift-Dir - straight line, f - adder
Aim: an adder (37% to hit)
The splash of poison misses the adder.
The adder barely misses you.
You closely miss the adder. The adder barely misses you. The adder bites you.
* * * LOW HITPOINT WARNING * * *
You hit the adder.
The adder is lightly wounded.
You have got your breath back.
The adder bites you but does no damage. The adder barely misses you.
You closely miss the adder.
The adder is lightly wounded.
The adder completely misses you.
Aiming: Spit Poison (2% risk of failure)
Press: ? - help, Q - select action Shift-Dir - straight line, f/p - adder
Aim: an adder (lightly wounded, 37% to hit)
The splash of poison misses the adder.
The adder bites you but does no damage. The adder closely misses you.
You barely miss the adder.
The adder is lightly wounded.
The adder bites you but does no damage.
You barely miss the adder.
The adder is lightly wounded.
The adder bites you but does no damage. The adder closely misses you.
You closely miss the adder.
The adder is lightly wounded.
You have got your breath back.
The adder bites you but does no damage. x2
Aiming: Spit Poison (2% risk of failure)
Press: ? - help, Q - select action Shift-Dir - straight line, f/p - adder
Aim: an adder (lightly wounded, 37% to hit)
The splash of poison misses the adder.
The adder bites you.
You die...

###.# ## ## #.####
##. ...
##.#..##+##># ..#
#....#....#.###..#
##................
##...#.......#
#..###......#
#.#.#.#..†S.#
#...#.....@.#
...(#..)....#
##...#..†#####
#...# ......
###..#. ... ..
##.# .# #. .#


You could see an adder.

Vanquished Creatures
  An adder (D:2)
  6 ball pythons
  3 endoplasms
  3 giant cockroaches (D:1)
  5 goblins
  8 hobgoblins
  A jackal (D:1)
  2 kobolds
  3 bats (D:1)
  A frilled lizard (D:1)
  5 rats
38 creatures vanquished.

Notes
Turn   | Place    | Note
-------+----------+-------------------------------------------
     0 | D:1      | 27snakeeyes612 the Naga Fighter began the quest for the
                  | Orb.
     0 | D:1      | Reached XP level 1. HP: 21/21 MP: 1/1
   137 | D:1      | Reached XP level 2. HP: 26/28 MP: 2/2
   147 | D:1      | Reached skill level 1 in Stealth
   716 | D:1      | Reached XP level 3. HP: 2/34 MP: 3/3
   732 | D:1      | HP: 1/34 [goblin/+0 club (3)]
  1581 | D:2      | HP: 1/34 [adder (3)]
  1588 | D:2      | Slain by an adder

Illustrated notes

Levels and vault maps discovered:
D:1:      heliophobic_arrival_enchanted_forest, layout_basic, chequers_avenue
D:2:      layout_loops_cross, serial_shops, nicolae_shop_advertising_works
          [nicolae_subvault_shop_adworks], st_stairs_14, dk_noncrumbling_4,
          uniq_terence

Skill      XL: |  1  2  3 |
---------------+----------+-----
Stealth        | 1 2 |  2.1
Shields        | 3 |  3.0
Fighting       | |  3.3
Maces & Flails | |  2.5
Armour         | |  2.7

Action                   || total
-------------------------++-------
Melee: Flail             ||   121
 Abil: Spit Poison       ||     7
  Use: Potion            ||     2
Armor: Scale mail        ||    72
Dodge: Dodged            ||    65
Block: Buckler           ||    39

Table legend: (Time is in decaauts)
 A = Elapsed time spent in this place.
 B = Non-inter-level travel time spent in this place.
 C = Inter-level travel time spent in this place.
 D = Time resting spent in this place.
 E = Time spent auto-exploring this place.
 F = Levels seen in this place.
 G = Mean time per level.
                   A        B        C        D        E       F      G
               +--------+--------+--------+--------+--------+-----+--------+
         Total |   1874 |   1824 |     50 |    310 |   1199 |   2 |  937.0 |
       Dungeon |   1874 |   1824 |     50 |    310 |   1199 |   2 |  937.0 |
               +--------+--------+--------+--------+--------+-----+--------+

Top non-repeatable levels by time:
     D:1: 1423 daAuts
     D:2: 451 daAuts
